 Dungeon Crawl Stone Soup version 0.13-a0-1553-g7307ddf (webtiles) character file.

113 Kae the Chiller (level 3, 0/26 HPs)
             Began as a Draconian Ice Elementalist on June 10, 2013.
             Slain by a gnoll
             ... wielding a +0,+2 halberd of distortion
              (14 damage)
             ... on Level 2 of the Dungeon.
             The game lasted 00:03:51 (1541 turns).

Kae the Chiller (Draconian Ice Elementalist)        Turns: 1541, Time: 00:03:51

HP   0/26        AC  5     Str 10      XL: 3   Next: 44%
MP   6/6         EV 12     Int 16      God:
Gold 67          SH  0     Dex 11      Spells:  2 memorised,  2 levels left

Res.Fire  : . . .   See Invis. : .   h - +0,-3 trident (curse)
Res.Cold  : . . .   Warding    : .   (armour unavailable)
Life Prot.: . . .   Conserve   : .   (no shield)
Res.Poison: .       Res.Corr.  : .   (helmet restricted)
Res.Elec. : .       Clarity    : .   (no cloak)
Sust.Abil.: . .     Spirit.Shd : .   (no gloves)
Res.Mut.  : .       Stasis     : +   (no boots)
Res.Rott. : .       Flight     : .   l - amulet of stasis
Saprovore : . . .                    (no ring)
                                     (no ring)

@: not resistant to hostile enchantments, unstealthy
A: unfitting armour, AC +5
a: no special abilities


You were on level 2 of the Dungeon.
You were not hungry.

You visited 1 branch of the dungeon, and saw 2 of its levels.

You collected 47 gold pieces.

Inventory:

Hand weapons
 h - a cursed +0,-3 trident (weapon)
Comestibles
 c - 3 bread rations
 f - 2 meat rations
 m - an apple
Scrolls
 g - a scroll of curse jewellery {unknown}
 i - 3 scrolls of curse armour {unknown}
Jewellery
 e - an uncursed ring of fire
 l - an amulet of stasis (around neck)
Potions
 a - a potion of restore abilities
 d - a potion of curing {unknown}
Books
 b - a book of Frost

   Spells                             Type                      Level
   *Freeze                            Ice                          1
   *Throw Frost                       Conjuration/Ice              2
   Ozocubu's Armour                   Charms/Ice                   3
   Throw Icicle                       Conjuration/Ice              4
   Summon Ice Beast                   Ice/Summoning                4
   Condensation Shield                Ice                          4


   Skills:
 - Level 1.7 Dodging
 - Level 1.9 Stealth
 + Level 1.5 Spellcasting
 * Level 1.4 Conjurations
 * Level 4.0 Ice Magic


You had 2 spell levels left.
You knew the following spells:

 Your Spells              Type           Power        Failure   Level  Hunger
a - Freeze                Ice            ##..         6%          1    ##.....
b - Throw Frost           Conj/Ice       #.....       12%         2    ###....


Dungeon Overview and Level Annotations

Branches:
Dungeon (2/27)

Altars:


Message History

You can't see any susceptible monsters within range! (Use Z to cast anyway.)
Found a leather armour.
Found a stone staircase leading up.
There is a stone staircase leading up here.
Attack whom?
Press: ? - help, Dir - move target cursor, f - gnoll
Aim: a gnoll, wielding a halberd You reach to attack!
You hit the gnoll.
The gnoll is lightly wounded.
The gnoll hits you from afar with a halberd!
A gnoll comes into view. It is wielding a spear.
Attack whom?
Press: ? - help, Dir - move target cursor, f/p - gnoll
Aim: a gnoll, wielding a halberd (lightly wounded)
You reach to attack!
You hit the gnoll.
The gnoll is moderately wounded.
The gnoll hits you but does no damage.
The gnoll hits you from afar with a glowing halberd!
Ouch! That really hurt!
You die...

.........................#.###..#
.###.....g.......#.#####........#
...#.>.g.........................
.#....######....................#
.#.#..######g###.#.#######.####..
.#.#.............#.........###..#
.####.######..g.g#.#.##.....#..##
.................# +.......##
##......######..@###.##.....#..##
.'......# #...#..............#
##......# #...#.#.######.#'...
##......# #...#.#.# #......
......### #...#.#.# #.....⌠
###.#.# #...#.#.# #...... #.....#
#...#.#.# #...... .....%#
#...#.#.######.....(
......########...#...#..<........


You could see 3 gnolls.

Vanquished Creatures
  A gnoll (D:1)
  An ooze (D:1)
  A ball python (D:1)
  A giant cockroach (D:1)
  2 hobgoblins
  6 jackals (D:1)
  4 kobolds
  7 bats
  3 giant newts (D:1)
  2 goblins (D:1)
  5 rats
33 creatures vanquished.

Notes
Turn   | Place    | Note
--------------------------------------------------------------
     0 | D:1      | Kae, the Draconian Ice Elementalist, began the quest for the Orb.
     0 | D:1      | Reached XP level 1. HP: 14/14 MP: 3/3
    29 | D:1      | Reached XP level 2. HP: 20/20 MP: 1/4
    34 | D:1      | Learned a level 2 spell: Throw Frost
   913 | D:1      | Reached XP level 3. HP: 26/26 MP: 4/6
  1487 | D:2      | Reached skill level 4 in Ice Magic
  1541 | D:2      | Slain by a gnoll

Action                   || total
-------------------------++-------
Melee: Unarmed           ||    72
       Trident           ||     8
 Cast: Freeze            ||    48
  Use: Scroll            ||     6
